 Dungeon Crawl Stone Soup version 0.29-a0-632-g781b4ac09e (webtiles) character file.

Game seed: 2969209253755206702

16 BritishOli the Skirmisher (level 2, 6/24 HPs)
             Began as a Demonspawn Fighter on June 18, 2022.
             Got out of the dungeon alive.
             The game lasted 00:00:21 (132 turns).

BritishOli the Skirmisher (Demonspawn Fighter)       Turns: 132, Time: 00:00:21

Health: 6/24       AC:  6    Str: 16    XL:     2   Next: 37%
Magic:  2/2        EV:  8    Int:  9    God:
Gold:   18         SH:  4    Dex: 12    Spells: 1/1 levels left

rFire   . . .      SeeInvis .   a - +0 long sword
rCold   . . .      Faith    .   c - +0 buckler
rNeg    . . .      Spirit   .   b - +0 scale mail
rPois   .          Reflect  .   (no helmet)
rElec   .          Harm     .   (no cloak)
rCorr   .          Rampage  .   (no gloves)
Will    .....                   (no boots)
Stlth   ..........              (no amulet)
HPRegen 0.08/turn               (no ring)
MPRegen 0.16/turn               (no ring)

@: no status effects
A: magic regeneration
a: no special abilities


You escaped.
You visited 1 branch of the dungeon, and saw 1 of its levels.

You collected 18 gold pieces.

Inventory:

Hand Weapons
 a - a +0 long sword (weapon)
Armour
 b - a +0 scale mail (worn)
 c - a +0 buckler (worn)
Potions
 d - a potion of might
 e - a potion of mutation {unknown}
 f - a potion of curing {unknown}


   Skills:
 + Level 3.2 Fighting
 + Level 2.0 Long Blades
 + Level 2.9 Armour
 + Level 2.9 Shields


You had one spell level left.
You didn't know any spells.
Your spell library was empty.

Dungeon Overview and Level Annotations

Branches:
Dungeon (1/15)

Altars:


Innate Abilities, Weirdness & Mutations

You regenerate magic rapidly.


Message History

The gnoll hits you but does no damage.
You hit the gnoll.
The gnoll is moderately wounded.
The gnoll hits you with a +0 whip.
* * * LOW HITPOINT WARNING * * *
You slash the gnoll!
The gnoll is almost dead.
The gnoll hits you with a +0 whip.
* * * LOW HITPOINT WARNING * * *
The gnoll hits you but does no damage.
You barely miss the gnoll.
The gnoll is almost dead.
The gnoll barely misses you.
You slash the gnoll!
You kill the gnoll!
Your Long Blades skill increases to level 2!
You have reached level 2!
Your demonic ancestry asserts itself...
Your magic begins to regenerate rapidly.
Things that are here:
a +0 whip; a +0 leather armour; a gnoll corpse
f - a bubbling orange potion
Things that are here:
a +0 whip; a +0 leather armour; a gnoll corpse You see here a jackal corpse.
You open the door.
There is an open door here.
An endoplasm comes into view.
The endoplasm quivers.
You are too injured to fight recklessly!
You are too injured to fight recklessly!
You are too injured to fight recklessly!
You hit the endoplasm but do no damage.
The endoplasm hits you but does no damage. x2
You slash the endoplasm!
You kill the endoplasm!
There is an open door here.
There is a staircase leading out of the dungeon here.
Are you sure you want to leave the Dungeon?
This will make you lose the game!
You have escaped!

#....# #.........#
#....# #.........#
#....# #.........#
####.# #.........# #.#
#.........# #.#
#.........# #.♣
####.........#
#.♣♣♣8#..........#
#.♣♣@.'.#####+##.#
#.♣♣♣8### #..#.#
#.♣♣##### ##.#.#
#...#...# #...#
###.#.#.#######..#
######.#.#[........>#
#.....[...#..#########
#.#####......#
######+#


There were no monsters in sight!

Vanquished Creatures
  A gnoll (D:1)
  2 ball pythons (D:1)
  2 endoplasms (D:1)
  A jackal (D:1)
6 creatures vanquished.

Notes
Turn   | Place    | Note
-------+----------+-------------------------------------------
     0 | D:1      | BritishOli the Demonspawn Fighter began the quest for the
                  | Orb.
     0 | D:1      | Reached XP level 1. HP: 18/18 MP: 1/1
    83 | D:1      | Gained mutation: You regenerate magic rapidly. [demonic
                  | ancestry]
    83 | D:1      | Reached XP level 2. HP: 3/24 MP: 2/2
   132 | D:$      | Got out of the dungeon alive.

Illustrated notes

Levels and vault maps discovered:
D:1:      saegor_arrival_simple_b, layout_basic, minmay_pentomino_o2

Skill      XL: |  1 |
---------------+----+-----
Long Blades    | 2 |  2.0
Fighting       | |  3.2
Armour         | |  2.9
Shields        | |  2.9

Action                   || total
-------------------------++-------
Melee: Long sword        ||    16
Armor: Scale mail        ||     6
Dodge: Dodged            ||     5
Block: Buckler           ||     3

Table legend: (Time is in decaauts)
 A = Elapsed time spent in this place.
 B = Non-inter-level travel time spent in this place.
 C = Inter-level travel time spent in this place.
 D = Time resting spent in this place.
 E = Time spent auto-exploring this place.
 F = Levels seen in this place.
 G = Mean time per level.
                   A        B        C        D        E       F      G
               +--------+--------+--------+--------+--------+-----+--------+
         Total |    137 |    121 |     16 |      0 |     55 |   1 |  137.0 |
       Dungeon |    137 |    121 |     16 |      0 |     55 |   1 |  137.0 |
               +--------+--------+--------+--------+--------+-----+--------+

Top non-repeatable levels by time:
     D:1: 137 daAuts
